 Dungeon Crawl Stone Soup version 0.25-a0-98-g0cf78c2f83 (webtiles) character file.

Game seed: 1617945314173477106, levelgen mode: deterministic

3210 tilp the Zephyrmancer (level 9, -2/52 HPs)
             Began as a Tengu Air Elementalist on Nov 14, 2019.
             Was a Follower of Sif Muna.
             Slain by an orc warrior
             ... wielding a +0 dire flail
              (11 damage)
             ... on level 8 of the Dungeon.
             The game lasted 00:27:48 (8824 turns).

tilp the Zephyrmancer (Tengu Air Elementalist)      Turns: 8824, Time: 00:27:48

Health: -2/52      AC:  5    Str: 14    XL:     9   Next: 97%
Magic:  1/16       EV: 18    Int: 18    God:    Sif Muna [*.....]
Gold:   372        SH:  0    Dex: 14    Spells: 1/16 levels left

rFire    . . .     SeeInvis +   a - +2 short sword (speed)
rCold    . . .     Gourm    .   (no shield)
rNeg     . . .     Faith    .   q - +0 leather armour
rPois    .         Spirit   .   o - +1 hat
rElec    .         Reflect  .   z - +0 cloak
rCorr    .         Harm     .   (no gloves)
MR       .....                  (boots unavailable)
Stlth    ++........             (no amulet)
HPRegen  0.17/turn              p - ring of see invisible
MPRegen  0.15/turn              v - +4 ring of strength

@: flying quickly and evasively, quick
A: beak, talons 3, able to fly
a: Stop Flying, Channel Magic, Renounce Religion


You were on level 8 of the Dungeon.
You worshipped Sif Muna.
Sif Muna was aware of your devotion.
You were very hungry.

You visited 1 branch of the dungeon, and saw 8 of its levels.
You also visited: Sewer.

You collected 372 gold pieces.

Inventory:

Hand Weapons
 a - a +2 short sword of speed (weapon)
 b - a +3 dagger of freezing
 G - a +1 spear of venom
Missiles
 j - 31 poisoned darts (quivered)
 l - 13 atropa-tipped darts
 A - 10 boomerangs
Armour
 o - a +1 hat (worn)
 q - a +0 leather armour (worn)
 z - a +0 cloak (worn)
Jewellery
 p - a ring of see invisible (left hand)
 v - a +4 ring of strength (right hand)
 F - an uncursed ring of ice
Wands
 x - a wand of random effects (12)
 B - a wand of polymorph (3)
Scrolls
 f - 2 scrolls of remove curse
 g - a scroll of fear {unknown}
 i - a scroll of immolation
 k - a scroll of amnesia
 n - 5 scrolls of magic mapping
 s - 6 scrolls of teleportation
 t - a scroll of enchant weapon {unknown}
 u - a scroll of noise {unknown}
 w - a scroll of blinking {unknown}
 y - a scroll of fog
 C - a scroll of enchant armour {unknown}
Potions
 d - 2 potions of haste
 e - 2 potions of curing
 h - a potion of cancellation {unknown}
 m - 5 potions of heal wounds
 r - 3 potions of agility
 D - a potion of brilliance {unknown}
 E - 2 potions of might {unknown}
Comestibles
 c - 13 rations


   Skills:
 - Level 4.2 Fighting
 - Level 6.0 Dodging
 - Level 4.1 Stealth
 - Level 4.3 Spellcasting
 - Level 8.0 Conjurations
 - Level 10.0 Air Magic
 * Level 3.2 Invocations
 + Level 2.3 Evocations


You had one spell level left.
You knew the following spells:

 Your Spells              Type           Power        Failure   Level  Hunger
a - Shock                 Conj/Air       ####         1%          1    None
b - Swiftness             Chrm/Air       ###.....     3%          2    ##.....
c - Static Discharge      Conj/Air       #####...     1%          3    ###....
d - Airstrike             Air            #####.....   3%          4    ####...
e - Lightning Bolt        Conj/Air       #####.....   12%         5    ######.

Your spell library contained the following spells:

 Spells                   Type           Power        Failure   Level  Hunger
 Beastly Appendage        Tmut           #.....       19%         1    None
 Sticks to Snakes         Tmut           #.......     26%         2    ##.....
 Spider Form              Tmut/Pois      #.........   47%         3    ###....
 Ice Form                 Ice/Tmut       #.......     87%         4    ####...
 Blade Hands              Tmut           #.........   99%         5    ######.


Dungeon Overview and Level Annotations

Branches:
Dungeon (8/15)             Temple (0/1) D:7           Sewer (visited)
   Lair: D:8-11

Altars:
Ashenzari
Cheibriados
Elyvilon
Makhleb
Nemelex Xobeh
Sif Muna
Uskayaw
Xom

Shops:
D:4 }   D:5 [

Annotations:
D:2 Terence
D:3 exclusion: sky beast, Ijyb
D:4 Eustachio
D:5 1 runed translucent door, Crazy Yiuf


Innate Abilities, Weirdness & Mutations

You have a beak for a mouth.
You have claws for feet.
You can fly continuously.


Message History

The orc warrior is almost dead.
You are struck by an arc of lightning.
The orc warrior is struck by an arc of lightning.
The orc warrior is almost dead.
The lightning grounds out.
Unknown command.
Unknown command.
You barely miss the orc warrior.
You claw the orc warrior, but do no damage.
The orc warrior is almost dead.
A worker ant comes into view.
The adder skeleton closely misses you. The orc warrior barely misses you.
The orc warrior throws a stone.
The stone hits you!
* * * LOW HITPOINT WARNING * * *
You see here a stone.
The orc hits you with a +3 mace of protection.
* * * LOW HITPOINT WARNING * * *
The orc warrior hits you with a +0 dire flail!
You die...

#.# #.# #.# ....
#.#.# .a... #.#.#
###... #.#.# #...
#.#.# ##)##
#.#.###...#
#.#(##(#.#.##.#
#.#@oO........#
#.(.oZ.#.#.####
##### #####.#...##
....# #.##.## ###.#
#.##.# ###.###
#.##.# #.....#
#.##.#
#.....############.#
.#
...................#


You could see an orc warrior, an ogre, an orc and an adder skeleton.

Vanquished Creatures
  A water moccasin (D:7)
  2 orc warriors
  2 sky beasts (D:5)
  A phantom (D:8)
  A necrophage (D:7)
  A centaur (D:6)
  2 ogres
  5 big kobolds (Sewer)
  A scorpion (D:6)
  3 howler monkeys
  5 killer bees (D:7)
  12 wights
  2 bullfrog zombies
  4 crimson imps
  A centaur zombie (D:5)
  2 quasits
  2 hounds (D:7)
  A centaur skeleton (D:3)
  2 orc priests (D:5)
  4 orc wizards
  2 bullfrog skeletons
  An iguana (D:6)
  7 worker ants
  A hound skeleton (D:4)
  8 adders
  4 river rats
  6 oozes (Sewer)
  3 adder zombies
  4 worms
  3 dart slugs
  5 leopard geckos
  25 orcs
  2 ball pythons
  5 bats
  5 giant cockroaches
  5 goblins
  6 hobgoblins
  8 jackals
  5 quokkas
  A ball python skeleton (D:3)
  5 frilled lizards
  A jackal zombie (D:3)
  16 kobolds
  A leopard gecko skeleton (D:7)
  4 rats
187 creatures vanquished.

Notes
Turn   | Place    | Note
-------+----------+-------------------------------------------
     0 | D:1      | tilp the Tengu Air Elementalist began the quest for the
                  | Orb.
     0 | D:1      | Reached XP level 1. HP: 10/10 MP: 4/4
   260 | D:1      | Reached XP level 2. HP: 15/15 MP: 3/6
   360 | D:1      | Learned a level 2 spell: Swiftness
  1287 | D:2      | Reached XP level 3. HP: 19/19 MP: 4/7
  1292 | D:2      | Learned a level 3 spell: Static Discharge
  1638 | D:2      | Noticed Terence
  1943 | D:3      | Noticed Ijyb
  2261 | D:3      | Found a burning altar of Makhleb.
  2349 | D:3      | Reached XP level 4. HP: 24/24 MP: 4/8
  2471 | D:3      | Reached skill level 5 in Conjurations
  2471 | D:3      | Reached skill level 5 in Air Magic
  2596 | D:3      | Noticed a sky beast
  3107 | D:4      | Noticed Eustachio
  3135 | D:4      | Gained mutation: You can fly continuously. [Tengu growth]
  3135 | D:4      | Reached XP level 5. HP: 28/28 MP: 4/9
  3508 | D:4      | Found Johath's Gadget Shoppe.
  3515 | D:4      | Reached skill level 6 in Air Magic
  3515 | D:4      | Reached XP level 6. HP: 32/32 MP: 2/10
  3865 | D:5      | Entered Level 5 of the Dungeon
  3868 | D:5      | Found a sparkling altar of Nemelex Xobeh.
  3878 | D:5      | Noticed a sky beast
  3992 | D:5      | Found a glowing drain.
  4008 | Sewer    | Entered a sewer
  4365 | Sewer    | Reached XP level 7. HP: 36/36 MP: 4/14
  4566 | Sewer    | Reached skill level 1 in Fighting
  4899 | D:5      | Learned a level 4 spell: Airstrike
  5044 | D:5      | Found Petiul's Antique Armour Shoppe.
  5161 | D:5      | Found a runed translucent door.
  5162 | D:5      | Noticed Crazy Yiuf
  5243 | D:5      | Reached XP level 8. HP: 46/46 MP: 9/15
  5364 | D:5      | Found a shimmering altar of Xom.
  5429 | D:5      | Reached skill level 5 in Dodging
  6574 | D:6      | Found a white marble altar of Elyvilon.
  6575 | D:6      | Found a shattered altar of Ashenzari.
  6703 | D:6      | Reached XP level 9. HP: 52/52 MP: 3/16
  6766 | D:6      | Reached skill level 7 in Air Magic
  7222 | D:6      | Reached skill level 8 in Air Magic
  7520 | D:6      | Learned a level 5 spell: Lightning Bolt
  7676 | D:7      | Reached skill level 9 in Air Magic
  7752 | D:7      | Found a shimmering altar of Xom.
  7758 | D:7      | Found a hide-covered altar of Uskayaw.
  7762 | D:7      | Found a shimmering blue altar of Sif Muna.
  7763 | D:7      | Found a snail-covered altar of Cheibriados.
  7770 | D:7      | Became a worshipper of Sif Muna the Loreminder
  7879 | D:7      | Found a staircase to the Ecumenical Temple.
  7952 | D:7      | Reached skill level 10 in Air Magic
  8196 | D:7      | Reached skill level 1 in Invocations
  8214 | D:7      | Reached skill level 1 in Evocations
  8804 | D:8      | Reached * piety under Sif Muna
  8824 | D:8      | Slain by an orc warrior

Levels and vault maps discovered:
D:1:      minmay_arrival_open_corners, layout_basic, kennysheep_minor_cross
D:2:      layout_basic, uniq_terence
D:3:      layout_loops_cross, bloody_makhleb, serial_undead, serial_undead_b,
          serial_undead_d, serial_undead_d, serial_undead_f, serial_undead_b,
          serial_undead_c, uniq_ijyb
D:4:      layout_loops_ring, first_ration, serial_shops, shop, uniq_eustachio
D:5:      layout_loops_ring, serial_shops, nicolae_shop_behind_doors,
          basic_altar, portal_sewer_entry_b, palyth_stone_intersect, tgw_xom,
          uniq_crazy_yiuf_cottage
D:6:      layout_cave_pools, lemuel_crystal_altar, basic_altar
D:7:      layout_gridville, grunt_temple_overflow_open, temple_statues
D:8:      layout_loops_ring, chei_slow_surprise

Skill      XL: |  1  2  3  4  5  6  7  8  9 |
---------------+----------------------------+-----
Conjurations   | 2 3 4 5 6 8 |  8.0
Air Magic      | 5 6 10 | 10.0
Spellcasting   | 4 |  4.3
Fighting       | 3 4 |  4.2
Dodging        | 4 6 |  6.0
Stealth        | 4 |  4.1
Invocations    | 3 |  3.2
Evocations     | 2 |  2.3

Action                   |  1- 3 |  4- 6 |  7- 9 || total
-------------------------+-------+-------+-------++-------
Melee: Unarmed           |     1 |       |       ||     1
       Dagger            |     1 |       |       ||     1
       Short sword       |       |    33 |    53 ||    86
       Peck              |       |     8 |     6 ||    14
       Kick              |       |     8 |    11 ||    19
Throw: Dart              |     1 |       |       ||     1
 Cast: Shock             |    66 |    91 |   278 ||   435
       Swiftness         |     1 |     1 |       ||     2
       Static Discharge  |       |       |     7 ||     7
       Airstrike         |       |       |    30 ||    30
 Abil: Fly               |       |     1 |       ||     1
Evoke: Wand              |       |       |     4 ||     4
  Use: Scroll            |     5 |     4 |     6 ||    15
       Potion            |       |       |     1 ||     1
 Stab: Sleeping          |       |     3 |       ||     3
       Distracted        |       |     1 |       ||     1
  Eat: Chunk             |     4 |     9 |    14 ||    27
       Ration            |       |       |     1 ||     1
Armor: Robe              |     3 |     5 |       ||     8
       Leather armour    |       |     7 |    14 ||    21
Dodge: Dodged            |    18 |    19 |    89 ||   126

Table legend:
 A = Non-vault XP
 B = Vault XP
 C = Vault XP percentage of total XP
 D = Non-vault monster count
 E = Vault monster count
 F = Vault count percentage of total count
                 A         B        C        D         E       F
            +---------+---------+-------+---------+---------+-------
      Total |    3852 |     735 |  16.0 |     147 |      40 |  21.4
            +---------+---------+-------+---------+---------+-------
        D:1 |      27 |       0 |   0.0 |      15 |       0 |   0.0
        D:2 |      26 |       0 |   0.0 |      12 |       0 |   0.0
        D:3 |      50 |      55 |  52.4 |      14 |       5 |  26.3
        D:4 |     210 |       0 |   0.0 |      14 |       0 |   0.0
        D:5 |     773 |      69 |   8.2 |      26 |       7 |  21.2
        D:6 |    1330 |       0 |   0.0 |      34 |       0 |   0.0
        D:7 |    1029 |       0 |   0.0 |      25 |       0 |   0.0
        D:8 |     407 |       0 |   0.0 |       7 |       0 |   0.0
      Sewer |       0 |     611 | 100.0 |       0 |      28 | 100.0
            +---------+---------+-------+---------+---------+-------
